 Dungeon Crawl Stone Soup version 0.29.1-15-g9cfb28693d (webtiles) character file.

Game seed: 16299137927356533020

73 kingofthe the Firebug (level 4, 0/24 HPs)
             Began as a Deep Elf Fire Elementalist on Mar 5, 2023.
             Slain by a gnoll
             ... wielding a +0 whip
              (4 damage)
             ... on level 2 of the Dungeon.
             The game lasted 00:04:31 (1435 turns).

kingofthe the Firebug (Deep Elf Fire Elementalist)  Turns: 1435, Time: 00:04:31

Health: 0/24       AC:  2    Str:  5    XL:     4   Next: 8%
Magic:  0/11       EV: 13    Int: 22    God:
Gold:   23         SH:  0    Dex: 15    Spells: 7/10 levels left

rFire   . . .      SeeInvis .   (no weapon)
rCold   . . .      Faith    .   (no shield)
rNeg    . . .      Spirit   .   a - +0 robe
rPois   .          Reflect  .   (no helmet)
rElec   .          Harm     .   (no cloak)
rCorr   .          Rampage  .   (no gloves)
Will    .....                   (no boots)
Stlth   ++........              c - amulet of regeneration
HPRegen 0.88/turn               (no ring)
MPRegen 0.12/turn               (no ring)

@: lethally poisoned (0 -> -2), very slightly contaminated
A: no striking features
a: no special abilities


You were on level 2 of the Dungeon.
You visited 1 branch of the dungeon, and saw 2 of its levels.

You collected 23 gold pieces.


   Skills:
 * Level 3.2 Dodging
 + Level 3.0 Stealth
 * Level 3.8 Spellcasting
 * Level 2.2 Conjurations
 * Level 3.8 Fire Magic


You had 7 spell levels left.
You knew the following spells:

 Your Spells              Type           Power      Damage    Failure   Level
a - Foxfire               Conj/Fire      68%        2x1d7     3%          1
b - Scorch                Fire           42%        2d7       3%          2

Your spell library contained the following spells:

 Spells                   Type           Power      Damage    Failure   Level
 Conjure Flame            Conj/Fire      17%        6-21      10%         3
 Inner Flame              Hex/Fire       12%        N/A       16%         3
 Flame Wave               Conj/Fire      17%        2d7       32%         4

Inventory:

Armour
 a - a +0 robe (worn)
Jewellery
 c - an amulet of regeneration (around neck)
Scrolls
 d - a scroll of enchant weapon {unknown}
 g - 4 scrolls of identify {unknown}
 h - a scroll of torment {unknown}
Potions
 b - a potion of magic
 e - a potion of curing {unknown}
 f - a potion of resistance {unknown}
 i - 2 potions of berserk rage {unknown}

Dungeon Overview and Level Annotations

Branches:
Dungeon (2/15)

Altars:

.. # #.# #.#..
##.#.. #..g..
#.#....
.#.....####
#......)g.#
.......##@#
###...# #.#
#..~ ##.. #.#
#.. #.. #.#
#.. #... #.#
#.. ##. #.#
#.# ##########
#. #.#
#.###.........
#.#
#.##...###.#
#.#
#.#.....##.##


You could see a gnoll and a goblin.


Message History

The foxfire hits the gnoll but does no damage.
Your Stealth skill increases to level 3!
Casting: Scorch (safe; 4% risk of failure)
Confirm with . or Enter, or press ? or * to list all spells.
Flames lash the gnoll.
The gnoll is severely wounded.
The gnoll's fire resistance burns away.
You hear a shout!
The gnoll hits you with a +1 whip of venom.
* * * LOW HITPOINT WARNING * * *
You are poisoned.
Casting: Scorch (safe; 4% risk of failure)
Confirm with . or Enter, or press ? or * to list all spells.
You don't have enough magic to cast this spell.
Casting: Scorch (safe; 4% risk of failure)
Confirm with . or Enter, or press ? or * to list all spells.
You conjure some foxfire!
The gnoll shouts!
* * * LOW HITPOINT WARNING * * *
You feel very sick.
The foxfire hits the gnoll!
The gnoll is burned terribly!
You kill the gnoll!
You have reached level 4!
You feel clever.
A goblin comes into view. It is wielding a +0 club.
You feel sick.
Things that are here:
a +1 whip of venom; a scroll labelled NOHINE QIYL The gnoll attacks as you move away!
The gnoll hits you with a +0 whip.
You die...

Skill      XL: |  1  2  3 |
---------------+----------+-----
Dodging        | 3 |  3.2
Conjurations   | 2 |  2.2
Stealth        | 3 |  3.0
Spellcasting   | |  3.8
Fire Magic     | |  3.8

Action                   |  1- 3 |  4- 6 || total
-------------------------+-------+-------++-------
 Cast: Foxfire           |    54 |       ||    54
       Scorch            |    11 |       ||    11
  Use: Potion            |     1 |       ||     1
Dodge: Dodged            |     5 |       ||     5

Levels and vault maps discovered:
D:1:      dpeg_arrival_solitude, layout_loops_corners
D:2:      layout_loops_ring, dk_vineyard_3, minmay_crystal_water,
          chequers_decorated_corner, uniq_sigmund

Notes
Turn   | Place    | Note
-------+----------+-------------------------------------------
     0 | D:1      | kingofthe the Deep Elf Fire Elementalist began the quest
                  | for the Orb.
     0 | D:1      | Reached XP level 1. HP: 10/10 MP: 6/6
   286 | D:1      | Reached XP level 2. HP: 15/15 MP: 2/8
   289 | D:1      | Learned a level 2 spell: Scorch
  1265 | D:2      | Reached XP level 3. HP: 19/19 MP: 4/9
  1274 | D:2      | Reached skill level 3 in Dodging
  1275 | D:2      | Reached skill level 2 in Conjurations
  1432 | D:2      | Reached skill level 3 in Stealth
  1434 | D:2      | Reached XP level 4. HP: 6/24 MP: 0/11
  1435 | D:2      | Slain by a gnoll

Vanquished Creatures
  An adder (D:2)
  3 gnolls (D:2)
  A dart slug (D:1)
  3 ball pythons (D:1)
  3 endoplasms (D:1)
  A giant cockroach (D:1)
  5 hobgoblins
  5 kobolds (D:1)
  4 quokkas
  A bat (D:1)
  A frilled lizard (D:1)
  2 rats (D:1)
30 creatures vanquished.

Vanquished Creatures (others)
  90 foxfires
90 creatures vanquished.

Grand Total: 120 creatures vanquished

Table legend: (Time is in decaauts)
 A = Elapsed time spent in this place.
 B = Non-inter-level travel time spent in this place.
 C = Inter-level travel time spent in this place.
 D = Time resting spent in this place.
 E = Time spent auto-exploring this place.
 F = Levels seen in this place.
 G = Mean time per level.
                   A        B        C        D        E       F      G
               +--------+--------+--------+--------+--------+-----+--------+
         Total |   1434 |   1380 |     54 |     59 |   1123 |   2 |  717.0 |
       Dungeon |   1434 |   1380 |     54 |     59 |   1123 |   2 |  717.0 |
               +--------+--------+--------+--------+--------+-----+--------+

Top non-repeatable levels by time:
     D:1: 1255 daAuts
     D:2: 179 daAuts

Table legend:
 A = Non-vault XP
 B = Vault XP
 C = Vault XP percentage of total XP
 D = Non-vault monster count
 E = Vault monster count
 F = Vault count percentage of total count
                 A         B        C        D         E       F
            +---------+---------+-------+---------+---------+-------
      Total |     105 |       0 |   0.0 |      30 |       0 |   0.0
            +---------+---------+-------+---------+---------+-------
        D:1 |      40 |       0 |   0.0 |      22 |       0 |   0.0
        D:2 |      65 |       0 |   0.0 |       8 |       0 |   0.0
            +---------+---------+-------+---------+---------+-------
